 Dungeon Crawl Stone Soup version 0.26-a0-1205-g4083c211ab (webtiles) character file.

Game seed: 15233661505480164131

10148 tatocazan the Covert (level 11, -1/68 HPs)
             Began as a Kobold Brigand on Dec 29, 2020.
             Was a Priest of Wu Jian.
             Slain by an eight-headed hydra (6 damage)
             ... on level 11 of the Dungeon.
             The game lasted 00:23:49 (19666 turns).

tatocazan the Covert (Kobold Brigand)              Turns: 19666, Time: 00:23:49

Health: -1/68      AC:  5    Str:  9    XL:     11   Next: 87%
Magic:  11/11      EV: 22    Int: 13    God:    Wu Jian [***...]
Gold:   435        SH:  0    Dex: 19    Spells: 10/10 levels left

rFire    . . .     SeeInvis .   q - +0 short sword (flame)
rCold    . . .     Faith    .   (shield restricted)
rNeg     + . .     Spirit   .   b - +0 robe
rPois    .         Reflect  .   i - +0 helmet
rElec    .         Harm     .   s - scarf {repulsion}
rCorr    .         Rampage  .   k - +0 pair of gloves
Will     +....                  P - +0 pair of boots
Stlth    +++++++...             (no amulet)
HPRegen  0.21/turn              M - ring of willpower
MPRegen  0.12/turn              D - ring of positive energy

@: exhausted, about to teleport, repel missiles
A: small, nightstalker 3
a: Renounce Religion, Wall Jump, Serpent's Lash


You were on level 11 of the Dungeon.
You worshipped Wu Jian.
Wu Jian was most pleased with you.
You visited 2 branches of the dungeon, and saw 12 of its levels.
You also visited: Sewer.

You collected 477 gold pieces.
You spent 42 gold pieces at shops.

Inventory:

Hand Weapons
 a - a +2 dagger
 q - a +0 short sword of flaming (weapon)
 C - a +4 dagger
Missiles
 d - 21 poisoned darts
 e - 2 curare-tipped darts
 A - a boomerang of dispersal (quivered)
 O - a throwing net
Armour
 b - a +0 robe (worn)
 c - a +0 cloak
 i - a +0 helmet (worn)
 k - a +0 pair of gloves (worn)
 s - a scarf of repulsion (worn)
 u - a +0 buckler
 P - a +0 pair of boots (worn)
Jewellery
 n - a +6 ring of intelligence
 D - a ring of positive energy (right hand)
 K - an uncursed ring of wizardry
 M - a ring of willpower (left hand)
Wands
 h - a wand of digging (10)
 r - a wand of polymorph (14)
 L - a wand of flame (14)
Scrolls
 f - 6 scrolls of magic mapping
 j - 7 scrolls of teleportation
 l - 16 scrolls of identify
 m - 4 scrolls of immolation {unknown}
 y - 6 scrolls of remove curse
 z - 2 scrolls of blinking
 E - a scroll of enchant weapon
 H - 2 scrolls of holy word {unknown}
 J - 2 scrolls of amnesia {unknown}
 N - a scroll of vulnerability {unknown}
 Q - a scroll of fog
 R - a scroll of fear {unknown}
Potions
 g - a potion of experience {unknown}
 o - a potion of curing
 p - a potion of magic
 t - a potion of ambrosia {unknown}
 v - a potion of flight
 w - 2 potions of berserk rage {unknown}
 x - 4 potions of haste {unknown}
 B - a potion of degeneration {unknown}
 F - a potion of heal wounds {unknown}
 G - 4 potions of brilliance {unknown}
 I - a potion of resistance {unknown}


   Skills:
 + Level 8.1 Fighting
 * Level 12.9 Short Blades
 + Level 5.5 Throwing
 + Level 8.5 Dodging
 * Level 14.4 Stealth


You had 10 spell levels left.
You didn't know any spells.
Your spell library contained the following spells:

 Spells                   Type           Power        Failure   Level
 Animate Skeleton         Necr           0%           30%         1
 Apportation              Tloc           0%           30%         1
 Beastly Appendage        Tmut           0%           30%         1
 Corona                   Hex            0%           30%         1
 Summon Small Mammal      Summ           0%           30%         1
 Call Imp                 Summ           0%           43%         2
 Ensorcelled Hibernation  Hex/Ice        0%           43%         2
 Wereblood                Tmut           0%           43%         2
 Call Canine Familiar     Summ           0%           67%         3
 Confusing Touch          Hex            0%           67%         3
 Dazzling Flash           Conj/Hex       0%           67%         3
 Lesser Beckoning         Tloc           0%           67%         3
 Spider Form              Tmut/Pois      0%           67%         3
 Summon Guardian Golem    Hex/Summ       0%           67%         3
 Tukima's Dance           Hex            0%           67%         3
 Ice Form                 Ice/Tmut       0%           97%         4
 Summon Ice Beast         Ice/Summ       0%           97%         4
 Summon Lightning Spire   Summ/Air       0%           97%         4
 Alistair's Intoxication  Tmut/Pois      0%           100%        5
 Blade Hands              Tmut           0%           100%        5
 Invisibility             Hex            0%           100%        6


Dungeon Overview and Level Annotations

Branches:
Dungeon (11/15)            Temple (1/1) D:5             Orc (0/2) D:10
  Sewer (visited)
   Lair: D:8-11

Altars:
Cheibriados
Fedhas
Hepliaklqana
Kikubaaqudgha
Makhleb
Qazlal
Ru
Sif Muna
Trog
Vehumet
Wu Jian
Zin
The Shining One

Shops:
D:5 !   D:7 [([((   D:9 :

Annotations:
D:10 3 runed translucent doors, vvl's ghost, novice TrMo
D:11 Sonja


Innate Abilities, Weirdness & Mutations

You are small and have problems with some larger weapons.
You are completely attuned to the shadows.


Message History

The eight-headed hydra closely misses you.
The eight-headed hydra misses you.
The eight-headed hydra bites you but does no damage.
The eight-headed hydra completely misses you.
The eight-headed hydra misses you. The eight-headed hydra bites you.
You take 5 damage, and have 29/68 hp.
As you read the scroll of teleportation, it crumbles to dust.
You feel strangely unstable.
The eight-headed hydra closely misses you.
The eight-headed hydra barely misses you.
The eight-headed hydra misses you.
The eight-headed hydra barely misses you.
The eight-headed hydra misses you. The eight-headed hydra bites you!
* * * LOW HITPOINT WARNING * * *
The eight-headed hydra closely misses you.
The eight-headed hydra bites you!
* * * LOW HITPOINT WARNING * * *
You take 25 damage, and have 5/68 hp.
MASSIVE DAMAGE!!
The eight-headed hydra bites you.
You die...

.###.#.##.#
#.###
#.....)...#
#...#
.###.#.####
###.#### .#
#.#.#
#..... .#
#.#.#
#.###. .#
#.#.# #.#
.# #.# #D#
#@# #.# ..#
####


You could see an eight-headed hydra.

Vanquished Creatures
  Harold (D:9)
  A boulder beetle (D:11)
  A queen ant (D:10)
  2 two-headed ogres
  A cyclops (D:9)
  Maggie (D:9)
  A troll (D:10)
  Prince Ribbit (D:9)
  A wyvern (D:8)
  2 wraiths
  6 soldier ants
  3 ice beasts
  A sky beast (D:8)
  2 orc warriors (D:7)
  A phantom (D:10)
  2 ogres
  6 centaurs (D:11)
  6 big kobolds (Sewer)
  7 bullfrogs
  A wyvern skeleton (D:8)
  4 scorpions
  8 wights
  2 howler monkeys (D:8)
  4 bullfrog zombies
  6 hounds
  2 bullfrog skeletons
  An orc priest (D:11)
  A centaur skeleton (D:11)
  2 iguanas
  9 orc wizards
  32 worker ants
  A hound zombie (D:4)
  A hound skeleton (D:9)
  A worker ant zombie (D:8)
  14 adders
  7 gnolls
  2 river rats (Sewer)
  A white imp (D:6)
  2 ufetubi
  6 oozes
  An adder skeleton (D:7)
  An adder zombie (D:7)
  7 worms
  A dart slug (D:1)
  4 leopard geckos
  27 orcs
  2 ball pythons
  11 bats
  11 giant cockroaches
  8 goblins
  8 hobgoblins
  7 jackals
  11 kobolds
  4 quokkas
  5 frilled lizards
  A quokka skeleton (D:4)
  A quokka zombie (D:6)
  12 rats
275 creatures vanquished.

Vanquished Creatures (others)
  5 plants (D:10)
5 creatures vanquished.

Grand Total: 280 creatures vanquished

Notes
Turn   | Place    | Note
-------+----------+-------------------------------------------
     0 | D:1      | tatocazan the Kobold Brigand began the quest for the Orb.
     0 | D:1      | Reached XP level 1. HP: 12/12 MP: 1/1
    38 | D:1      | Reached XP level 2. HP: 18/18 MP: 2/2
   705 | D:1      | Reached XP level 3. HP: 22/22 MP: 3/3
  1136 | D:2      | You fall into a shaft and drop 1 floor!
  1198 | D:3      | Reached skill level 6 in Stealth
  1198 | D:3      | Reached XP level 4. HP: 21/27 MP: 4/4
  1389 | D:3      | Found a glowing drain.
  1434 | Sewer    | Entered a sewer
  1874 | Sewer    | Reached XP level 5. HP: 32/32 MP: 5/5
  1876 | Sewer    | Noticed a big kobold
  1906 | Sewer    | Killed a big kobold
  1982 | Sewer    | Noticed a big kobold
  1984 | Sewer    | Noticed a big kobold
  2029 | Sewer    | Killed a big kobold
  2030 | Sewer    | Reached skill level 5 in Short Blades
  2030 | Sewer    | Reached skill level 7 in Stealth
  2030 | Sewer    | Reached XP level 6. HP: 25/37 MP: 6/6
  2510 | Sewer    | Reached XP level 7. HP: 34/42 MP: 7/7
  3585 | Sewer    | Reached skill level 8 in Stealth
  5181 | D:4      | You fall into a shaft and drop 1 floor!
  5181 | D:5      | Entered Level 5 of the Dungeon
  5192 | D:5      | Found a staircase to the Ecumenical Temple.
  5198 | Temple   | Entered the Ecumenical Temple
  5331 | Temple   | Became a worshipper of the Wu Jian Council
  5432 | D:5      | Reached XP level 8. HP: 48/48 MP: 8/8
  5498 | D:5      | Found Wezin's Distillery.
  5504 | D:5      | Bought a potion of curing for 42 gold pieces
  5515 | D:5      | Noticed a two-headed ogre
  5518 | D:5      | Killed a two-headed ogre
  5519 | D:5      | Reached skill level 5 in Fighting
  5519 | D:5      | Reached skill level 5 in Dodging
  5519 | D:5      | Reached skill level 10 in Stealth
  5519 | D:5      | Reached XP level 9. HP: 54/54 MP: 9/9
  6166 | D:4      | Found a radiant altar of Vehumet.
  6166 | D:4      | Found a glowing silver altar of Zin.
  6251 | D:5      | Reached * piety under Wu Jian
  6753 | D:2      | Found a shimmering blue altar of Sif Muna.
  7337 | D:6      | Found a burning altar of Makhleb.
  7971 | D:6      | Found a hazy altar of Hepliaklqana.
  8068 | D:6      | Found a stormy altar of Qazlal.
  8186 | D:6      | Reached ** piety under Wu Jian
  8496 | D:6      | Reached skill level 11 in Stealth
  8757 | D:7      | Found Goaletet's Weapon Boutique.
  8850 | D:7      | Found Yludain's Antique Armour Shop.
  8876 | D:7      | Found Elanel's Armour Boutique.
  8951 | D:7      | Reached skill level 10 in Short Blades
  8980 | D:7      | Reached XP level 10. HP: 22/60 MP: 10/10
  9405 | D:7      | Found Ihity's Antique Weapon Emporium.
  9436 | D:7      | Found Vaklasig's Weapon Boutique.
 10498 | D:8      | Found an ancient bone altar of Kikubaaqudgha.
 11113 | D:8      | Reached skill level 12 in Stealth
 11375 | D:9      | Noticed a two-headed ogre
 11379 | D:9      | Killed a two-headed ogre
 11462 | D:9      | Noticed Maggie
 11466 | D:9      | Killed Maggie
 11522 | D:9      | Noticed Prince Ribbit
 11979 | D:9      | Noticed Harold
 11982 | D:9      | Killed Harold
 12037 | D:9      | Found Ticsejem's Book Shoppe.
 12213 | D:9      | Noticed a cyclops
 12216 | D:9      | Killed a cyclops
 12217 | D:9      | Reached skill level 13 in Stealth
 12217 | D:9      | Reached XP level 11. HP: 67/67 MP: 11/11
 12490 | D:9      | Killed Prince Ribbit
 13215 | D:10     | Entered Level 10 of the Dungeon
 14542 | D:10     | Found a staircase to the Orcish Mines.
 15063 | D:10     | Found a runed translucent gate.
 15064 | D:10     | Found a runed translucent gate.
 15064 | D:10     | Noticed vvl's ghost (novice TrMo)
 15065 | D:10     | Found a runed translucent gate.
 15142 | D:10     | Reached *** piety under Wu Jian
 15862 | D:10     | Noticed a queen ant
 17101 | D:10     | Noticed a nine-headed hydra
 17107 | D:10     | Killed a queen ant
 17108 | D:10     | Reached skill level 5 in Throwing
 17330 | D:10     | Reached skill level 14 in Stealth
 19448 | D:11     | Noticed a boulder beetle
 19451 | D:11     | Killed a boulder beetle
 19554 | D:11     | Reached **** piety under Wu Jian
 19641 | D:11     | Noticed Sonja
 19641 | D:11     | Noticed an eight-headed hydra
 19666 | D:11     | Slain by an eight-headed hydra

Illustrated notes

Levels and vault maps discovered:
D:1:      nicolae_arrival_somewhat_less_tricky_arrival, layout_loops_ring,
          minmay_crystal_water, minmay_pentomino_s2
D:2:      layout_basic, led_sif_pool, serial_forest, infiniplex_forest_end_2,
          infiniplex_forest_zigzag_2, infiniplex_forest_end_1,
          infiniplex_forest_clump_tiny, infiniplex_forest_clump_curved,
          infiniplex_forest_clump_small
D:3:      layout_basic, gup_sewer_entry_glass, hangedman_decor_push
D:4:      layout_basic, gammafunk_temple_overflow_pools
D:5:      layout_cave_pools, minmay_temple_entry_statues_pillars, serial_shops,
          nicolae_shop_statue_plus
D:6:      layout_loops_ring, nicolae_qazlal_general_emergency,
          nzn_hepliaklqana_mist_gate, basic_altar, kennysheep_minor_cross
D:7:      layout_basic, serial_shops, shop, shop, shop, shop, shop
D:8:      layout_gridville, overflow_temple_1_default
D:9:      layout_layer_cave, serial_shops, shop, minivault_20, uniq_harold,
          uniq_prince_ribbit1, uniq_maggie
D:10:     layout_cave_pools, orc_0_dummy, gammafunk_ghost_hydra_chop,
          grunt_ministairs_5, zaba_antful_of_joy
D:11:     layout_loops_ring, lair_entry_dummy, uniq_sonja
Temple:   regret_index_temple_sphere_string

Skill      XL: |  1  2  3  4  5  6  7  8  9 10 11 |
---------------+----------------------------------+-----
Short Blades   | 3 4 5 6 8 10 11 12 | 12.9
Dodging        | 2 3 4 5 6 7 8 |  8.5
Stealth        | 6 7 8 10 11 13 14 | 14.4
Fighting       | 3 4 5 6 7 8 |  8.1
Throwing       | 4 5 |  5.5

Action                   |  1- 3 |  4- 6 |  7- 9 | 10-12 || total
-------------------------+-------+-------+-------+-------++-------
Melee: Dagger            |    86 |   100 |   382 |   633 ||  1201
       Short sword       |       |       |       |   223 ||   223
Throw: Dart              |       |    30 |    13 |    54 ||    97
       Boomerang         |       |       |       |     1 ||     1
Invok: Lunge             |       |       |    34 |    35 ||    69
       Whirlwind         |       |       |     6 |   136 ||   142
       Serpent's Lash    |       |       |       |     1 ||     1
 Abil: Wall Jump         |       |       |       |     2 ||     2
Evoke: Wand              |       |       |     8 |     4 ||    12
  Use: Scroll            |       |       |     8 |     3 ||    11
       Potion            |       |       |     2 |     3 ||     5
 Stab: Sleeping          |    16 |     7 |    70 |    30 ||   123
       Distracted        |       |       |     2 |     7 ||     9
Armor: Robe              |    19 |    17 |    22 |    57 ||   115
Dodge: Dodged            |    68 |    64 |   152 |   529 ||   813

Table legend: (Time is in decaauts)
 A = Elapsed time spent in this place.
 B = Non-inter-level travel time spent in this place.
 C = Inter-level travel time spent in this place.
 D = Time resting spent in this place.
 E = Time spent auto-exploring this place.
 F = Levels seen in this place.
 G = Mean time per level.
                   A        B        C        D        E       F      G
               +--------+--------+--------+--------+--------+-----+--------+
         Total |  19441 |  19010 |    431 |   8451 |   8097 |  13 | 1495.5 |
       Dungeon |  16560 |  16150 |    410 |   6886 |   7209 |  11 | 1505.5 |
        Temple |    155 |    134 |     21 |    100 |     28 |   1 |  155.0 |
         Sewer |   2724 |   2724 |      0 |   1465 |    860 |   1 | 2724.0 |
               +--------+--------+--------+--------+--------+-----+--------+

Top non-repeatable levels by time:
    D:10: 4099 daAuts
     D:9: 3120 daAuts
   Sewer: 2724 daAuts
     D:8: 1667 daAuts
     D:3: 1349 daAuts
     D:6: 1102 daAuts
     D:1: 980 daAuts
     D:7: 950 daAuts
     D:5: 921 daAuts
    D:11: 827 daAuts
     D:4: 823 daAuts
     D:2: 717 daAuts
  Temple: 155 daAuts
